 Dungeon Crawl Stone Soup version 0.29-a0-414-g5075937ec3 (webtiles) character file.

Game seed: 12266161238978908296

16 Glafi the Skirmisher (level 2, -1/26 HPs)
             Began as a Draconian Fighter on May 15, 2022.
             Slain by a quokka (2 damage)
             ... on level 1 of the Dungeon.
             The game lasted 00:07:52 (277 turns).

Glafi the Skirmisher (Draconian Fighter)             Turns: 277, Time: 00:07:53

Health: -1/26      AC:  4    Str: 18    XL:     2   Next: 37%
Magic:  2/2        EV: 12    Int:  8    God:
Gold:   0          SH:  4    Dex: 10    Spells: 1/1 levels left

rFire   . . .      SeeInvis .   a - +0 long sword
rCold   . . .      Faith    .   b - +0 buckler
rNeg    . . .      Spirit   .   (body armour unavailable)
rPois   .          Reflect  .   (helmet restricted)
rElec   .          Harm     .   (no cloak)
rCorr   .          Rampage  .   (no gloves)
Will    .....                   (no boots)
Stlth   +.........              (no amulet)
HPRegen 0.08/turn               (no ring)
MPRegen 0.08/turn               (no ring)

@: no status effects
A: AC +4, unfitting armour, cold-blooded
a: no special abilities


You were on level 1 of the Dungeon.
You visited 1 branch of the dungeon, and saw 1 of its levels.

Inventory:

Hand Weapons
 a - a +0 long sword (weapon)
Armour
 b - a +0 buckler (worn)
Scrolls
 d - a scroll of identify {unknown}
 f - a scroll of noise {unknown}
Potions
 c - a potion of might


   Skills:
 + Level 3.6 Fighting
 + Level 2.2 Long Blades
 + Level 2.9 Dodging
 + Level 3.1 Shields


You had one spell level left.
You didn't know any spells.
Your spell library was empty.

Dungeon Overview and Level Annotations

Branches:
Dungeon (1/15)

Altars:


Innate Abilities, Weirdness & Mutations

Your plain brown scales are hard. (AC +4)
You cannot fit into any form of body armour.
You are cold-blooded and may be slowed by cold attacks.


Message History

The frilled lizard bites you. You block the frilled lizard's attack.
The goblin closely misses you.
You see here 5 stones.
The goblin barely misses you. The frilled lizard bites you.
The goblin closely misses you.
The frilled lizard bites you but does no damage.
The goblin is attracted toward you.
A goblin comes into view. It is wielding a +0 club.
The goblin shouts!
The goblin is attracted toward you.
You are too injured to fight recklessly!
You barely miss the frilled lizard. You block the goblin's attack.
The frilled lizard bites you but does no damage.
The goblin closely misses you. The frilled lizard barely misses you.
You miss the frilled lizard. The goblin hits you but does no damage.
The frilled lizard misses you. The quokka is attracted toward you.
You hit the frilled lizard.
You kill the frilled lizard!
The goblin barely misses you.
The quokka bites you but does no damage.
You hit the quokka but do no damage. The goblin hits you with a +0 club.
The quokka misses you. The goblin hits you with a +0 club.
* * * LOW HITPOINT WARNING * * *
The quokka closely misses you. The quokka attacks as you move away!
The quokka barely misses you. The goblin hits you with a +0 club.
* * * LOW HITPOINT WARNING * * *
You closely miss the quokka. The quokka completely misses you.
The goblin hits you with a +0 club.
* * * LOW HITPOINT WARNING * * *
You feel less attractive to monsters.
You closely miss the goblin. The quokka misses you.
The goblin barely misses you. The quokka barely misses you.
You slash the goblin!
You kill the goblin!
The quokka barely misses you.
The quokka bites you but does no damage.
You closely miss the quokka. The quokka bites you.
You die...

#.. .# #.## .## .
#..###..###. #.
#..#........ #.##
#........... #...####
#........... #......#
#...........
#..)@###...........
......#r##..#r.....>..
#.
#####.#g#.(.##...##...
#. #.#J...####.## #
.## ##.....## .# ..#
#.......# .#
#.####.##....## ..
#.#....##.....# .#
#.#.######..#.##..


You could see an endoplasm, a quokka and a goblin.

Vanquished Creatures
  A dart slug (D:1)
  3 ball pythons (D:1)
  2 giant cockroaches (D:1)
  2 goblins (D:1)
  2 hobgoblins (D:1)
  A frilled lizard (D:1)
  A kobold (D:1)
12 creatures vanquished.

Notes
Turn   | Place    | Note
-------+----------+-------------------------------------------
     0 | D:1      | Glafi the Draconian Fighter began the quest for the Orb.
     0 | D:1      | Reached XP level 1. HP: 19/19 MP: 1/1
   145 | D:1      | Reached XP level 2. HP: 23/26 MP: 2/2
   274 | D:1      | HP: 1/26 [goblin/+0 club (3)]
   277 | D:1      | Slain by a quokka

Illustrated notes

Levels and vault maps discovered:
D:1:      amcnicky_arrival_gap_in_the_tavern_cellar, layout_rooms,
          ebering_ecumenical_altar_petrified

Action                   || total
-------------------------++-------
Melee: Long sword        ||    40
       Tailslap          ||     2
  Use: Potion            ||     1
Armor: Skin              ||    26
Dodge: Dodged            ||    46
Block: Buckler           ||    13

Table legend: (Time is in decaauts)
 A = Elapsed time spent in this place.
 B = Non-inter-level travel time spent in this place.
 C = Inter-level travel time spent in this place.
 D = Time resting spent in this place.
 E = Time spent auto-exploring this place.
 F = Levels seen in this place.
 G = Mean time per level.
                   A        B        C        D        E       F      G
               +--------+--------+--------+--------+--------+-----+--------+
         Total |    290 |    290 |      0 |     62 |    140 |   1 |  290.0 |
       Dungeon |    290 |    290 |      0 |     62 |    140 |   1 |  290.0 |
               +--------+--------+--------+--------+--------+-----+--------+

Top non-repeatable levels by time:
     D:1: 290 daAuts
